AoeStats
← PK_-_93

Arena

508426287Analyzed
4v4 RM · 10d ago on Sep 22, 2026· 36m 16s· 8 players
Game mode
Random Map
Map size
Large (8 player)
Population
200
Speed
Normal
Resources
Standard
Victory
Conquest
Starting age
Dark Age
Ending age
Imperial Age
RankedLock teamsTeams togetherTeam positionsShared explorationLock speedFull tech treeHidden civsTurbo modeCheats
Victory
Defeat
🇨🇳 Slavs · China
1140
+8
🇨🇳 Teutons · China
1019
+12
🇺🇸 Spanish · United States
917
+16
🇨🇳 Celts · China
733
+24
🇪🇸 Aztecs · Spain
975
-17
🇨🇿 Persians · Czechia
942
-15
🇩🇪 Malians · Germany
907
-14
🇩🇪 Japanese · Germany
894
-14
PK_-_93
11:27 Feudal Age
12:19 Loom
12:36 Double-Bit Axe
19:15 Castle Age
18:35 Gold Mining
22:58 Bow Saw
26:24 Horse Collar
28:35 Forging
30:49 Scale Mail Armor
31:27 Iron Casting
30:43 Fletching
32:04 Heavy Plow
32:42 Gold Shaft Mining
32:04 Stone Mining
33:49 Wheelbarrow
34:56 Chain Mail Armor
34:37 Bodkin Arrow
QiQiKaKaGuGu
4:54 Loom
11:12 Feudal Age
15:27 Castle Age
14:43 Stone Mining
14:40 Double-Bit Axe
14:43 Horse Collar
17:57 Gold Mining
19:01 Forging
23:54 Iron Casting
24:59 Gold Shaft Mining
24:37 Bow Saw
24:28 Heavy Plow
29:20 Imperial Age
32:48 Wheelbarrow
32:47 Scale Mail Armor
jj.moreno.minas
12:05 Feudal Age
12:57 Double-Bit Axe
13:02 Horse Collar
20:19 Castle Age
18:35 Gold Mining
18:40 Stone Mining
20:29 Arson
22:09 Squires
22:26 Forging
23:11 Scale Mail Armor
26:41 Imperial Age
29:06 Iron Casting
31:10 Chain Mail Armor
33:08 Blast Furnace
34:35 Redemption
34:41 Block Printing
35:14 Fletching
stary gooner
1:55 Loom
12:25 Feudal Age
17:07 Castle Age
15:26 Horse Collar
16:18 Double-Bit Axe
17:56 Bow Saw
22:05 Heavy Plow
31:44 Imperial Age
29:52 Bloodlines
30:03 Forging
31:14 Husbandry
32:24 Wheelbarrow
31:37 Cavalier
32:54 Iron Casting
32:24 Scale Barding Armor
33:26 Hand Cart
33:44 Crop Rotation
34:43 Blast Furnace
33:49 Savar
35:26 Chain Barding Armor
Luncheon
8:09 Loom
10:16 Feudal Age
10:56 Double-Bit Axe
15:33 Wheelbarrow
18:54 Castle Age
22:07 Bow Saw
22:42 Fletching
22:58 Scale Barding Armor
24:16 Stone Mining
25:53 Caravan
28:56 Hand Cart
29:21 Bloodlines
29:12 Husbandry
28:33 Light Cavalry
33:21 Fletching
33:54 Chain Barding Armor
35:29 Forging
高老头子
10:46 Feudal Age
11:12 Loom
16:13 Castle Age
14:50 Double-Bit Axe
18:15 Bow Saw
20:48 Horse Collar
21:01 Gold Mining
25:23 Heavy Plow
26:31 Stone Mining
28:10 Wheelbarrow
29:43 Bloodlines
29:42 Scale Barding Armor
29:48 Forging
33:41 Imperial Age
32:48 Chain Barding Armor
33:53 Cavalier
35:15 Plate Barding Armor
35:16 Iron Casting
35:37 Conscription
35:15 Fletching
36:35 Chemistry
Nick76Luo
10:29 Feudal Age
14:21 Castle Age
12:13 Double-Bit Axe
12:33 Horse Collar
15:53 Bow Saw
19:56 Heavy Plow
22:43 Gold Mining
22:43 Stone Mining
24:35 Gold Shaft Mining
25:00 Wheelbarrow
24:10 Town Watch
25:37 Stone Shaft Mining
26:39 Hand Cart
30:39 Imperial Age
28:53 Fletching
29:13 Forging
29:03 Scale Mail Armor
29:37 Bodkin Arrow
33:25 Furor Celtica
32:38 Heavy Scorpion
34:15 Pikeman
34:41 Arson
35:12 Chain Mail Armor
35:33 Iron Casting
35:21 Conscription
35:15 Halberdier
36:30 Plate Mail Armor
一叶知秋
10:16 Feudal Age
15:32 Castle Age
13:46 Double-Bit Axe
13:46 Horse Collar
18:48 Fletching
20:15 Wheelbarrow
26:04 Bow Saw
26:01 Heavy Plow
26:34 Gold Mining
29:17 Bodkin Arrow
31:00 Bloodlines
33:29 Imperial Age
31:39 Scale Mail Armor
32:24 Squires
31:45 Man-at-Arms
32:42 Chain Mail Armor
32:40 Forging
33:12 Hand Cart
33:39 Long Swordsman
34:52 Plate Mail Armor
35:23 Iron Casting
35:14 Conscription
34:33 Two-Handed Swordsman
35:06 Capped Ram
Connection lost

Rejoining the realm…

Still unreachable

The connection could not be restored.

Session expired

The server has moved on; the page needs a fresh start.